 Dungeon Crawl Stone Soup version 0.24-a0-272-g1411513 (webtiles) character file.

Game seed: 3100468949030435820

309 mhoghedin the Archer (level 6, -2/51 HPs)
             Began as a Centaur Hunter on Apr 25, 2019.
             Slain by an orc wizard
             ... wielding a +0 dagger
              (3 damage)
             ... on level 4 of the Dungeon.
             The game lasted 00:03:42 (2236 turns).

mhoghedin the Archer (Centaur Hunter)               Turns: 2236, Time: 00:03:43

Health: -2/51      AC:  4    Str: 19 (21) XL:     6   Next: 17%
Magic:  6/6        EV:  9    Int:  9 (10) God:
Gold:   101        SH:  0    Dex:  9 (10) Spells: 5/5 levels left

rFire    . . .     SeeInvis .   a - +1 shortbow
rCold    . . .     Gourm    .   (shield currently unavailable)
rNeg     . . .     Faith    .   c - +0 leather armour
rPois    .         Spirit   .   (no helmet)
rElec    .         Reflect  .   (no cloak)
rCorr    .         Harm     .   (no gloves)
MR       .....                  (no barding)
Stlth    +.........             (no amulet)
HPRegen  0.17/turn              (no ring)
MPRegen  0.10/turn              (no ring)

@: mighty, flying, invisible, very quick
A: large, hooves 3, blurry vision 1, deformed body, speed 2, tough skin 3,
MP-powered wands
a: no special abilities


You were on level 4 of the Dungeon.
You were not hungry.

You visited 1 branch of the dungeon, and saw 4 of its levels.

You collected 101 gold pieces.

Inventory:

Hand Weapons
 a - a +1 shortbow (weapon)
 b - a +0 short sword
Missiles
 d - 31 arrows (quivered)
Armour
 c - a +0 leather armour (worn)
Scrolls
 e - 2 scrolls of magic mapping {unknown}
 g - 2 scrolls of amnesia {unknown}
 h - 3 scrolls of remove curse {unknown}
 j - 2 scrolls of identify {unknown}
Potions
 i - a potion of might
 l - 2 potions of mutation {!q}
Comestibles
 f - 5 rations


   Skills:
 - Level 3.4 Fighting
 + Level 9.1 Bows
 - Level 1.3 Dodging
 - Level 0.4 Stealth


You had 5 spell levels left.
You didn't know any spells.
Your spell library was empty.

Dungeon Overview and Level Annotations

Branches:
Dungeon (4/15)
 Temple: D:4-7

Altars:
Kikubaaqudgha
Qazlal
Xom


Innate Abilities, Weirdness & Mutations

You have hooves in place of feet.
Armour fits poorly on your strangely shaped body.
You cover ground very quickly.
You have extremely tough skin. (AC +3)
Scrolls take you a little longer to read.
You expend magic power (3 MP) to strengthen your wands.


Message History

You hear an angry hiss.
A frilled lizard comes into view.
The orc wizard gestures at you while chanting.
The puff of frost hits you.
You take 1 damage, and have 22/51 hp.
MP restored: 6 The worker ant waves its antennae.
Firing (i - inventory)
d - 44 arrows (quivered)
Aim: a worker ant You shoot an arrow.
The arrow hits the worker ant.
Firing (i - inventory)
d - 43 arrows (quivered)
You shoot an arrow. The arrow hits the worker ant.
The worker ant bites you but does no damage.
Firing (i - inventory)
d - 42 arrows (quivered)
Aim: a worker ant (heavily wounded)
You shoot an arrow.
The arrow closely misses the worker ant.
The arrow hits the orc wizard.
The worker ant bites you.
You take 4 damage, and have 19/51 hp.
Firing (i - inventory)
d - 41 arrows (quivered)
Aim: a worker ant (heavily wounded)
You shoot an arrow. The arrow hits the worker ant!
The worker ant closely misses you.
The orc wizard gestures wildly while chanting.
The orc wizard seems to speed up.
Firing (i - inventory)
d - 40 arrows (quivered)
Aim: a worker ant (almost dead)
You shoot an arrow. The arrow hits the worker ant.
You kill the worker ant!
Your Bows skill increases to level 9!
Firing (i - inventory)
d - 39 arrows (quivered)
Aim: a frilled lizard You shoot an arrow.
The arrow barely misses the frilled lizard.
The arrow barely misses the orc wizard.
The arrow barely misses the orc.
The frilled lizard bites you but does no damage.
Firing (i - inventory)
d - 38 arrows (quivered)
Aim: a frilled lizard You shoot an arrow.
The arrow hits the frilled lizard!
You kill the frilled lizard!
The orc wizard gestures at you while chanting.
The magic dart hits you.
* * * LOW HITPOINT WARNING * * *
You take 6 damage, and have 13/51 hp.
Unknown command.
Firing (i - inventory)
d - 37 arrows (quivered)
Aim: an orc wizard, wielding a +0 dagger and wearing a +0 robe (moderately wounded, fast)
You shoot an arrow. The arrow hits the orc wizard.
The orc wizard barely misses you.
Firing (i - inventory)
d - 36 arrows (quivered)
Aim: an orc wizard, wielding a +0 dagger and wearing a +0 robe (moderately wounded, fast)
You shoot an arrow. The arrow hits the orc wizard.
Firing (i - inventory)
d - 35 arrows (quivered)
Aim: an orc wizard, wielding a +0 dagger and wearing a +0 robe (moderately wounded, fast)
You shoot an arrow. The arrow barely misses the orc.
The arrow hits the orc wizard but does no damage.
Firing (i - inventory)
d - 34 arrows (quivered)
Aim: an orc wizard, wielding a +0 dagger and wearing a +0 robe (moderately wounded, fast)
You shoot an arrow. The arrow barely misses the orc.
The arrow misses the orc wizard.
The arrow hits the orc.
The orc hits you but does no damage.
The orc wizard mumbles some strange words.
The orc wizard flickers and vanishes!
Deactivating autopickup; reactivate with Ctrl-A.
Firing (i - inventory)
d - 33 arrows (quivered)
Aim: an orc, wielding a +0 flail You shoot an arrow.
The arrow hits the orc!
You kill the orc!
Firing (i - inventory)
d - 32 arrows (quivered)
Aim: an orc, wielding a +0 whip and wearing a +0 leather armour (lightly wounded)
You shoot an arrow. Something hits you.
* * * LOW HITPOINT WARNING * * *
You take 1 damage, and have 13/51 hp.
It was a potion of flight.
You feel very buoyant.
You fly up into the air.
Something hits you but does no damage. x2
It was a potion of might.
You feel very mighty all of a sudden. Something hits you but does no damage.
It was a potion of mutation.
You feel extremely strange.
Your vision blurs.
You feel your magical essence link to your wands.
You hear some strange, mumbled words.
A puff of flame appears from out of thin air!
The puff of flame misses you.
It was a potion of degeneration.
There was something very wrong with that liquid.
You feel weakened.
You feel dopey.
You feel clumsy.
You hear some strange, mumbled words.
A puff of frost appears from out of thin air!
The puff of frost hits you!
* * * LOW HITPOINT WARNING * * *
You take 13 damage, and have 1/51 hp.
MASSIVE DAMAGE!!
It was a potion of invisibility.
You fade into invisibility!
Something hits you.
You die...

### ## #.. . #.. #.#
.#.... #.##....##
#.........
#####..##...#
#.@{o(...(..#
#.####..#.###
...#.####.####(.# ..
#...(.<..a..#..#.#.#.
#.#.####.##(#oo......
#..$....#.###.
#....o..#...
#.##.##.# ### #.##o#
.#


You could see an orc.

Vanquished Creatures
  2 ogres
  A jelly (D:3)
  A worker ant (D:4)
  3 adders (D:3)
  An ooze (D:1)
  7 dart slugs
  A leopard gecko (D:1)
  An orc (D:4)
  12 bats
  2 giant cockroaches (D:2)
  4 goblins
  4 hobgoblins
  2 jackals (D:1)
  3 frilled lizards
  6 kobolds
  4 rats
54 creatures vanquished.

Notes
Turn   | Place    | Note
-------+----------+-------------------------------------------
     0 | D:1      | mhoghedin the Centaur Hunter began the quest for the Orb.
     0 | D:1      | Reached XP level 1. HP: 17/17 MP: 1/1
   131 | D:1      | Reached XP level 2. HP: 21/25 MP: 2/2
   652 | D:1      | Reached skill level 6 in Bows
   652 | D:1      | Reached XP level 3. HP: 27/30 MP: 3/3
   935 | D:2      | Reached skill level 3 in Fighting
  1022 | D:2      | Found a stormy altar of Qazlal.
  1365 | D:3      | Found an ancient bone altar of Kikubaaqudgha.
  1522 | D:3      | Reached XP level 4. HP: 24/38 MP: 4/4
  1711 | D:3      | Found a shimmering altar of Xom.
  1716 | D:3      | Noticed an ogre
  1729 | D:3      | Killed an ogre
  1729 | D:3      | Reached skill level 7 in Bows
  1729 | D:3      | Reached XP level 5. HP: 30/45 MP: 5/5
  1810 | D:3      | Reached skill level 8 in Bows
  2197 | D:4      | Noticed an ogre
  2214 | D:4      | Killed an ogre
  2214 | D:4      | Reached XP level 6. HP: 27/51 MP: 6/6
  2223 | D:4      | Reached skill level 9 in Bows
  2234 | D:4      | Gained mutation: Scrolls take you a little longer to read.
                  | [potion of mutation]
  2234 | D:4      | Gained mutation: You expend magic power (3 MP) to
                  | strengthen your wands. [potion of mutation]
  2235 | D:4      | HP: 1/51 [something/puff of frost (13)]
  2236 | D:4      | Slain by an orc wizard

Levels and vault maps discovered:
D:1:      psy_arrival_heroes, layout_loops_ring, hex_large
D:2:      layout_loops_ring, nicolae_qazlal_general_emergency
D:3:      layout_rooms, xom_teletrap_fun, overflow_temple_1_default,
          first_ration
D:4:      layout_loops_cross

Skill      XL: |  1  2  3  4  5  6 |
---------------+-------------------+-----
Bows           | 6 7 8 9 |  9.1
Fighting       | 3 |  3.4
Dodging        | |  1.3
Stealth        | |  0.4

Action                   |  1- 3 |  4- 6 || total
-------------------------+-------+-------++-------
Melee: Short sword       |   103 |       ||   103
       Kick              |    22 |       ||    22
 Fire: Shortbow          |    17 |    69 ||    86
  Use: Potion            |       |     5 ||     5
  Eat: Ration            |     1 |       ||     1
Armor: Leather armour    |    39 |    10 ||    49
Dodge: Dodged            |    50 |    11 ||    61

Table legend:
 A = Non-vault XP
 B = Vault XP
 C = Vault XP percentage of total XP
 D = Non-vault monster count
 E = Vault monster count
 F = Vault count percentage of total count
                 A         B        C        D         E       F
            +---------+---------+-------+---------+---------+-------
      Total |     442 |       0 |   0.0 |      54 |       0 |   0.0
            +---------+---------+-------+---------+---------+-------
        D:1 |      44 |       0 |   0.0 |      20 |       0 |   0.0
        D:2 |      29 |       0 |   0.0 |      13 |       0 |   0.0
        D:3 |     216 |       0 |   0.0 |      17 |       0 |   0.0
        D:4 |     153 |       0 |   0.0 |       4 |       0 |   0.0
            +---------+---------+-------+---------+---------+-------

Levels and vault maps discovered:
D:1:      psy_arrival_heroes, layout_loops_ring, hex_large
D:2:      layout_loops_ring, nicolae_qazlal_general_emergency
D:3:      layout_rooms, xom_teletrap_fun, overflow_temple_1_default,
          first_ration
D:4:      layout_loops_cross

Table legend:
 A = Turns spent in this place as a percentage of turns spent in the entire game.
 B = Non-inter-level travel turns spent in this place as a percentage of non-inter-level travel turns spent in the entire game.
 C = Inter-level travel turns spent in this place as a percentage of turns spent in this place.
 D = Turns resting spent in this place as a percentage of non-inter-level travel turns spent in this place.
 E = Turns spent auto-exploring this place as a percentage of non-inter-level travel turns spent in this place.
 F = Non-inter-level travel turns spent in this place divided by the number of levels of this place that you've seen.
                   A       B       C       D       E      F
               +-------+-------+-------+-------+-------+----------------------
         Total | 100.0 | 100.0 |   3.8 |  20.8 |  60.5 | 537.5
       Dungeon | 100.0 | 100.0 |   3.8 |  20.8 |  60.5 | 537.5
               +-------+-------+-------+-------+-------+----------------------

Table legend:
 A = Kills in this place as a percentage of kills in entire the game.
 B = Kills by you in this place as a percentage of kills by you in the entire game.
 C = Kills by friends in this place as a percentage of kills by friends in the entire game.
 D = Other kills in this place as a percentage of other kills in the entire game.
 E = Experience gained in this place as a percentage of experience gained in the entire game.
 F = Experience gained in this place divided by the number of levels of this place that you have seen.
                   A       B       C       D       E      F
               +-------+-------+-------+-------+-------+----------------------
         Total | 100.0 | 100.0 |   N/A |   N/A | 100.0 | 110.5
       Dungeon | 100.0 | 100.0 |   N/A |   N/A | 100.0 | 110.5
               +-------+-------+-------+-------+-------+----------------------
